 Dungeon Crawl Stone Soup version 0.27-a0-1365-ge71e8f7681 (webtiles) character file.

Game seed: 16881291016900726007

9 HAL9000 the Sneak (level 2, -3/15 HPs)
             Began as a Vine Stalker Brigand on June 28, 2021.
             Slain by a quokka (4 damage)
             ... on level 1 of the Dungeon.
             The game lasted 00:01:05 (408 turns).

HAL9000 the Sneak (Vine Stalker Brigand)             Turns: 408, Time: 00:01:05

Health: -3/15      AC:  3    Str: 13    XL:     2   Next: 16%
Magic:  0/3        EV: 11    Int: 11    God:
Gold:   0          SH:  0    Dex: 15    Spells: 1/1 levels left

rFire    . . .     SeeInvis .   a - +2 dagger
rCold    . . .     Faith    .   (no shield)
rNeg     . . .     Spirit   +   b - +0 robe
rPois    .         Reflect  .   (no helmet)
rElec    .         Harm     .   c - +0 cloak
rCorr    .         Rampage  .   (no gloves)
Will     .....                  (no boots)
Stlth    +++.......             (no amulet)
HPRegen  0.05/turn              (no ring)
MPRegen  0.08/turn              (no ring)

@: no status effects
A: fangs 2, magic shield, antimagic bite, no potion heal 2
a: no special abilities


You were on level 1 of the Dungeon.
You visited 1 branch of the dungeon, and saw 1 of its levels.

Inventory:

Hand Weapons
 a - a +2 dagger (weapon)
Missiles
 d - 8 poisoned darts (quivered)
 e - 2 curare-tipped darts
Armour
 b - a +0 robe (worn)
 c - a +0 cloak (worn)
Potions
 f - a potion of curing {unknown}


   Skills:
 - Level 1.7 Fighting
 - Level 1.7 Short Blades
 + Level 2.5 Throwing
 - Level 0.7 Dodging
 - Level 4.8 Stealth


You had one spell level left.
You didn't know any spells.
Your spell library was empty.

Dungeon Overview and Level Annotations

Branches:
Dungeon (1/15)

Altars:

Shops:
D:1 :(


Innate Abilities, Weirdness & Mutations

You have extremely sharp teeth.
When hurt, damage is shared between your health and your magic reserves.
Your bite disrupts and absorbs the magic of your enemies.
Potions cannot restore your health.


Message History

You bite the ball python, but do no damage.
The quokka bites you but does no damage.
The ball python bites you. The ball python constricts you.
The hobgoblin hits you.
You escape the ball python's grasp.
The quokka barely misses you. The quokka bites you.
You are too injured to fight recklessly!
You closely miss the quokka. Your bite misses the quokka.
The quokka barely misses you.
You are too injured to fight recklessly!
You hit the quokka.
The quokka is almost dead.
The quokka barely misses you.
You are too injured to fight recklessly!
You hit the quokka.
You kill the quokka!
You hit the hobgoblin.
You bite the hobgoblin, but do no damage.
The hobgoblin is lightly wounded.
The hobgoblin hits you.
* * * LOW HITPOINT WARNING * * *
You are too injured to fight recklessly!
You hit the hobgoblin. Your bite misses the hobgoblin.
The hobgoblin is severely wounded.
The hobgoblin hits you but does no damage.
You are too injured to fight recklessly!
You hit the hobgoblin.
You kill the hobgoblin!
The quokka bites you.
* * * LOW HITPOINT WARNING * * *
You closely miss the quokka. You bite the quokka, but do no damage.
The quokka is severely wounded.
The quokka barely misses you.
You are too injured to fight recklessly!
The quokka bites you.
* * * LOW HITPOINT WARNING * * *
You miss the quokka.
The quokka is severely wounded.
The quokka bites you.
You die...

.......### .####....#
.........### ###....#.#
...........# #.....##.#
.......^...######........#
.....S...####..####......#
.......####......####....#
.....####....##....####..#
......†......###..†.....##
##.######.....Sr@.##.####
#. ########.....# #.
#####.# . #.# # #.# #.#
#.#


You could see a quokka and a ball python.

Vanquished Creatures
  A giant cockroach (D:1)
  A hobgoblin (D:1)
  A kobold (D:1)
  2 quokkas (D:1)
  2 bats (D:1)
  A frilled lizard (D:1)
8 creatures vanquished.

Notes
Turn   | Place    | Note
-------+----------+-------------------------------------------
     0 | D:1      | HAL9000 the Vine Stalker Brigand began the quest for the
                  | Orb.
     0 | D:1      | Reached XP level 1. HP: 11/11 MP: 2/2
     2 | D:1      | Found Paich's Weapon Shop.
   112 | D:1      | Found Forhuc's Book Shop.
   270 | D:1      | Found a faded altar of an unknown god.
   367 | D:1      | Reached XP level 2. HP: 15/15 MP: 3/3
   408 | D:1      | Slain by a quokka

Illustrated notes

Levels and vault maps discovered:
D:1:      lightli_iron_boxes, layout_basic, serial_shops, shop, shop_fountains,
          shop, shapermc_ecumenical_altar_mp_urbaneastern, minmay_misc_feat_x,
          kennysheep_minor_cross, minmay_pentomino_o4

Skill      XL: |  1 |
---------------+----+-----
Throwing       | 2 |  2.5
Fighting       | |  1.7
Short Blades   | |  1.7
Dodging        | |  0.7
Stealth        | |  4.8

Action                   || total
-------------------------++-------
Melee: Dagger            ||    29
       Bite              ||     8
 Stab: Sleeping          ||     1
Armor: Robe              ||    11
Dodge: Dodged            ||    21

Table legend: (Time is in decaauts)
 A = Elapsed time spent in this place.
 B = Non-inter-level travel time spent in this place.
 C = Inter-level travel time spent in this place.
 D = Time resting spent in this place.
 E = Time spent auto-exploring this place.
 F = Levels seen in this place.
 G = Mean time per level.
                   A        B        C        D        E       F      G
               +--------+--------+--------+--------+--------+-----+--------+
         Total |    405 |    405 |      0 |      0 |    330 |   1 |  405.0 |
       Dungeon |    405 |    405 |      0 |      0 |    330 |   1 |  405.0 |
               +--------+--------+--------+--------+--------+-----+--------+

Top non-repeatable levels by time:
     D:1: 405 daAuts
